 Dungeon Crawl Stone Soup version 0.30-a0-591-g3c58d2bc28 (webtiles) character file.

Game seed: 8358219533631748788

22758 omnomnOMINOUS the Carver (level 13, -7/90 HPs)
             Began as an Octopode Wanderer on Jan 4, 2023.
             Was an Initiate of Gozag.
             Mangled by a death yak simulacrum (18 damage)
             ... on level 2 of the Lair of Beasts.
             The game lasted 00:40:02 (11881 turns).

omnomnOMINOUS the Carver (Octopode Wanderer)       Turns: 11881, Time: 00:40:03

Health: -7/90      AC:  5    Str:  7    XL:     13   Next: 2%
Magic:  26/26      EV: 20    Int: 23    God:    Gozag
Gold:   3439       SH:  5    Dex: 21    Spells: 5/18 levels left

rFire   + . .      SeeInvis .    a - +11 Singing Sword {sonic wave}
rCold   + . .      Faith    .    (no shield)
rNeg    + . .      Spirit   .    (helmet restricted)
rPois   .          Reflect  +    x - amulet of reflection
rElec   .          Harm     .    f - +4 ring of protection
rCorr   .          Rampage  .    l - ring of willpower
Will    +....                    K - ring of Futot {rN+ Str-3 Int+6 Dex+6}
Stlth   +++                      L - ring of flight
HPRegen 0.35/turn                M - ring of protection from fire
MPRegen 0.20/turn                N - ring of ice
                                 P - ring of magical power
                                 T - ring of protection from fire

@: gold aura, flying
A: almost no armour, amphibious, 8 rings, camouflage 1, gelatinous body 1,
(nimble swimmer 1), tentacles
a: Renounce Religion, Potion Petition, Call Merchant, Bribe Branch


You were on level 2 of the Lair of Beasts.
You worshipped Gozag.
Gozag was most pleased with you.
You visited 3 branches of the dungeon, and saw 14 of its levels.

You collected 3439 gold pieces.

Inventory:

Hand Weapons
 a - the +11 Singing Sword (weapon) {sonic wave}
   (You found it on level 5 of the Dungeon)

   It radiates damaging sonic waves as it strikes, especially in combat
   involving dangerous or numerous foes.
 b - the +7 trident "Uptogo" {flame, rC- rN++ Dex+3}
   (You found it on level 8 of the Dungeon)

   Dex:       It affects your dexterity (+3).
   rC:        It makes you vulnerable to cold.
   rN:        It greatly protects you from negative energy.
 J - a +1 dagger of electrocution
Missiles
 D - 2 curare-tipped darts
 Q - a throwing net
Magical Staves
 C - a staff of death
Jewellery
 f - a +4 ring of protection (left tentacle)
 l - a ring of willpower (right tentacle)
 x - an amulet of reflection (around mantle)
 K - the ring of Futot (on tentacle) {rN+ Str-3 Int+6 Dex+6}
   (You found it on level 8 of the Dungeon)

   [ring of dexterity]

   Str:       It affects your strength (-3).
   Int:       It affects your intelligence (+6).
   Dex:       It affects your dexterity (+6).
   rN:        It protects you from negative energy.
 L - a ring of flight (on tentacle)
 M - a ring of protection from fire (on tentacle)
 N - a ring of ice (on tentacle)
 P - a ring of magical power (on tentacle)
 T - a ring of protection from fire (on tentacle)
Wands
 t - a wand of roots (25)
 B - a wand of digging (4)
 H - a wand of charming (10)
 I - a wand of flame (48)
Scrolls
 c - 3 scrolls of blinking
 d - 2 scrolls of amnesia
 e - 3 scrolls of poison
 g - 2 scrolls of noise
 i - 5 scrolls of teleportation
 k - a scroll of enchant armour
 m - 2 scrolls of immolation
 s - 2 scrolls of brand weapon
 v - a scroll of fog {unknown}
 w - a scroll of silence {unknown}
 y - 4 scrolls of vulnerability
 z - a scroll of summoning {unknown}
 A - a scroll of torment {unknown}
 O - 3 scrolls of enchant weapon
Potions
 h - 4 potions of curing
 n - 3 potions of degeneration
 o - 3 potions of might {unknown}
 p - 2 potions of lignification {unknown}
 q - 2 potions of mutation {unknown}
 r - 4 potions of flight
 u - a potion of ambrosia {unknown}
 E - 2 potions of brilliance
 F - a potion of cancellation {unknown}
 G - 4 potions of invisibility {unknown}
 R - a potion of attraction {unknown}
Miscellaneous
 S - a tin of tremorstones (2/2)


   Skills:
 + Level 9.2 Fighting
 * Level 11.5 Long Blades
 - Level 1.0 Maces & Flails
 + Level 9.2 Dodging
 - Level 3.0 Spellcasting
 + Level 7.6 Conjurations
 - Level 4.0 Fire Magic
 - Level 6.0 Ice Magic
 + Level 7.7 Air Magic
 - Level 3.2 Evocations


You had 5 spell levels left.
You knew the following spells:

 Your Spells              Type           Power      Damage    Failure   Level
a - Apportation           Tloc           6%         N/A       12%         1
b - Blink                 Tloc           6%         N/A       17%         2
c - Sticky Flame          Conj/Fire      30%        2d5       11%         4
d - Freezing Cloud        Conj/Ice/Air   26%        6-21      17%         5
e - Shock                 Conj/Air       100%       1d9       1%          1

Your spell library contained the following spells:

 Spells                   Type           Power      Damage    Failure   Level
 Momentum Strike          Conj/Tloc      42%        3d9       3%          2
 Airstrike                Air            19%        2d(3-19)  4%          4
 Kindle Blastsparks       Fire/Tloc/Air  42%        2d13      7%          3
 Stone Arrow              Conj/Erth      42%        3d9       7%          3
 Beastly Appendage        Tmut           6%         N/A       12%         1
 Necrotise                Necr           12%        1d4       12%         1
 Summon Small Mammal      Summ           12%        N/A       12%         1
 Lightning Bolt           Conj/Air       19%        1d33      14%         5
 Wereblood                Tmut           3%         N/A       17%         2
 Ignite Poison            Fire/Tmut/Pois 9%         N/A       21%         3
 Iskenderun's Mystic Bla  Conj/Tloc      21%        2d6       24%         4
 Summon Lightning Spire   Summ/Air       21%        N/A       24%         4
 Lesser Beckoning         Tloc           6%         N/A       34%         3
 Spider Form              Tmut/Pois      3%         N/A       34%         3
 Manifold Assault         Tloc           3%         N/A       75%         4
 Summon Forest            Summ/Tloc      1%         N/A       97%         5
 Dispersal                Tloc           1%         N/A       100%        6
 Eringya's Noxious Bog    Tmut/Pois      1%         N/A       100%        6
 Storm Form               Tmut/Air       10%        N/A       100%        7
 Summon Hydra             Summ           1%         N/A       100%        7
 Disjunction              Tloc           1%         N/A       100%        8
 Lehudib's Crystal Spear  Conj/Erth      10%        10d4      100%        8
 Animate Armour           Summ/Erth      Unusable   N/A       N/A         4

Dungeon Overview and Level Annotations

Branches:
Dungeon (11/15)            Temple (0/1) D:5            Lair (2/5) D:11
 Spider (0/4) Lair:2          Orc (1/2) D:10
  Swamp: Lair:2-3    Shoals: Lair:2-3

Altars:
Gozag
Kikubaaqudgha
Okawaru
Sif Muna
Zin

Shops:
D:6 ?

Portals:
Ice
Cave: Lair:2


Innate Abilities, Weirdness & Mutations

You cannot wear most types of armour.
You are amphibious.
You can wear up to eight rings at the same time.
Your skin changes colour to match your surroundings (Stealth+).
Your rubbery body absorbs attacks. (AC +1, EV +1)
((You are camouflaged when in or above water. (Stealth+)))
You have tentacles for arms and can constrict up to eight enemies at once.


Message History

You slice Harold!!
The Singing Sword bellows.
You send a blast of sound all around you.
The death yak simulacrum is moderately damaged.
The fungus begins to die.
The fungus is lightly damaged.
Harold is severely wounded.
You squeeze Harold.
Harold is severely wounded.
The grasping roots constrict Harold!
You hear an angry hiss.
You hear a croak. x2
Harold hits you with a +2 trident of venom!
You are poisoned.
You slash Harold!
Harold is almost dead.
The grasping roots constrict Harold!
You kill Harold!
Harold groans, "My... family..." and then collapses, dead.
You feel very sick.
You have reached level 13!
Aiming: Throw Flame
Press: ? - help, Shift-Dir - straight line, f - death yak simulacrum
Aim: a death yak simulacrum (moderately damaged, 100% to hit)
The puff of flame hits the death yak simulacrum!
The death yak simulacrum melts!
The death yak simulacrum is heavily damaged.
You feel very sick.
You hit the death yak simulacrum. You squeeze the death yak simulacrum.
The death yak simulacrum is severely damaged.
You feel sick.
A nearby fungus withers and dies.
The death yak simulacrum gores you!!
* * * LOW HITPOINT WARNING * * *
The death yak simulacrum freezes you! You resist.
* * * LOW HITPOINT WARNING * * *
Unknown command.
You feel better. The death yak simulacrum gores you!
* * * LOW HITPOINT WARNING * * *
The death yak simulacrum freezes you!! You resist.
You die...
Your body crumbles into a pile of gold.

,,,,,,,,,,,,,,,,,,,,,,,,,,,,,,,,,
,,,,,,,..,,..,,.^.......,,,,,,,,,
,,*,,##..#**.###........,,*,,***,
,,,*#...#.###.#..#.....∩,,,******
,,,,....................,,,,,<,,,
,,,,,..................,,,,,,,,,,
****.#..............##,***,,*****
****#..#.........Z...###,,*******
,,,,............@$......,,,,,,,,,
,,,,....................$,,,,,,,,
,,*,*#.##....#.#.###....*,,,**,**
.,******##..###### **..#********,
..##* #...# *******,,# *,* ***
..#.######..###.P*,*,,,***,****,,
..................,,,,,,,,,,,,,,,
..................,,,,,,,,,,,,,,,
.###....PP.###...#*,,,***,,,*****


You could see a death yak simulacrum.

Vanquished Creatures
  Harold (Lair:2)
  2 boulder beetles (D:11)
  3 two-headed ogres
  An ugly thing (D:11)
  A deep elf pyromancer (D:7)
  An orc sorcerer (Orc:1)
  2 cyclopes (D:11)
  A manticore (D:11)
  A torpor snail (Lair:1)
  2 gargoyles (D:11)
  2 cane toads (Lair:1)
  6 trolls
  A hornet (D:9)
  4 dream sheep (Lair:1)
  2 wyverns
  32 yaks
  3 shadows
  A vampire (D:7)
  4 wraiths
  3 steam dragons
  7 vampire mosquitoes (D:11)
  A warg (Orc:1)
  2 acid dragons
  5 water moccasins
  7 orc warriors
  An ice beast (D:7)
  A sky beast (D:7)
  2 black bears
  4 ogres
  9 centaurs
  2 phantoms
  4 kobold brigands
  8 bullfrogs
  3 scorpions
  8 wights
  3 troll zombies (D:10)
  A killer bee (D:11)
  3 howler monkeys
  An electric eel (D:9)
  3 hounds
  3 orc priests
  3 jellies
  An iguana (D:6)
  Natasha (thrice) (D:2)
  9 orc wizards
  5 ogre zombies (D:10)
  8 gnolls (D:4)
  11 adders
  A howler monkey simulacrum (D:7)
  An ufetubus (D:7)
  3 worms
  4 dart slugs
  38 orcs
  7 ball pythons
  2 endoplasms (D:3)
  4 giant cockroaches
  5 goblins
  12 hobgoblins
  10 jackals
  33 kobolds
  3 quokkas
  8 bats
  4 frilled lizards
  6 goblin zombies (D:10)
  3 hobgoblin zombies (D:10)
  3 orc skeletons (D:10)
  13 orc zombies (D:10)
  7 rats
358 creatures vanquished.

Vanquished Creatures (others)
  13 fungi
  6 plants
19 creatures vanquished.

Grand Total: 377 creatures vanquished

Notes
Turn   | Place    | Note
-------+----------+-------------------------------------------
     0 | D:1      | omnomnOMINOUS the Octopode Wanderer began the quest for the
                  | Orb.
     0 | D:1      | omnomnOMINOUS set off with the following items: a +0 mace,
                  | a wand of flame (7), a scroll of blinking; and the
                  | following spell memorised: Shock; and the following spells
                  | available to memorise: Iskenderun's Mystic Blast, Sticky
                  | Flame.
     0 | D:1      | Reached XP level 1. HP: 11/11 MP: 4/4
    91 | D:1      | Reached XP level 2. HP: 18/18 MP: 6/6
   293 | D:1      | Reached skill level 1 in Fighting
   293 | D:1      | Reached skill level 1 in Dodging
   522 | D:1      | Reached XP level 3. HP: 23/23 MP: 7/7
   767 | D:2      | Noticed Natasha
   780 | D:2      | HP: 1/23 [Natasha (8)]
   782 | D:2      | Killed Natasha
   783 | D:2      | Reached XP level 4. HP: 29/29 MP: 8/8
   879 | D:2      | Found an ancient bone altar of Kikubaaqudgha.
  1086 | D:2      | Noticed Natasha
  1093 | D:2      | Killed Natasha
  1094 | D:2      | Reached XP level 5. HP: 17/35 MP: 9/9
  1179 | D:2      | Found a faded altar of an unknown god.
  1192 | D:2      | Prayed at the altar of an unknown god.
  1192 | D:2      | Became a worshipper of Gozag Ym Sagoz the Greedy
  1208 | D:2      | Learned a level 4 spell: Sticky Flame
  1416 | D:2      | Noticed Natasha
  1424 | D:2      | Killed Natasha
  1866 | D:3      | Reached skill level 1 in Fire Magic
  1925 | D:3      | Reached XP level 6. HP: 41/41 MP: 10/10
  2547 | D:4      | You fall into a shaft and drop 3 floors!
  2569 | D:7      | Noticed an orc warrior
  2576 | D:7      | Killed an orc warrior
  2577 | D:7      | Reached XP level 7. HP: 21/46 MP: 3/11
  2811 | D:6      | Found Keikoe's Magic Scroll Emporium.
  2828 | D:6      | Reached skill level 5 in Conjurations
  2970 | D:5      | Entered Level 5 of the Dungeon
  3067 | D:5      | Found a staircase to the Ecumenical Temple.
  3105 | D:5      | Found the +2 ratskin cloak {*Rats rPois rN+ Str-1 Int-1
                  | Dex+1}
  3245 | D:5      | Learned a level 2 spell: Blink
  4020 | D:5      | Found the +11 Singing Sword {sonic wave}
  4044 | D:5      | Reached XP level 8. HP: 46/54 MP: 12/12
  4126 | D:5      | Learned a level 5 spell: Freezing Cloud
  4269 | D:6      | Reached skill level 1 in Long Blades
  4378 | D:6      | Reached skill level 2 in Long Blades
  4396 | D:6      | Noticed a two-headed ogre
  4619 | D:6      | Reached skill level 5 in Fighting
  4619 | D:6      | Reached skill level 3 in Long Blades
  4619 | D:6      | Reached skill level 5 in Dodging
  4900 | D:6      | Killed a two-headed ogre
  4901 | D:6      | Reached skill level 4 in Long Blades
  4901 | D:6      | Reached skill level 1 in Ice Magic
  4901 | D:6      | Reached XP level 9. HP: 36/61 MP: 13/13
  5194 | D:7      | Reached skill level 5 in Long Blades
  5564 | D:7      | Found an iron altar of Okawaru.
  5747 | D:7      | Reached skill level 6 in Long Blades
  5747 | D:7      | Reached XP level 10. HP: 68/68 MP: 14/14
  5950 | D:7      | Noticed a deep elf pyromancer
  5956 | D:7      | Killed a deep elf pyromancer
  5963 | D:7      | Learned a level 1 spell: Apportation
  6148 | D:8      | Identified the +7 trident "Uptogo" {flame, rC- rN++ Dex+3}
  6365 | D:8      | Found a glowing silver altar of Zin.
  6365 | D:8      | Found a shimmering blue altar of Sif Muna.
  6897 | D:8      | Identified the ring of Futot {rN+ Str-3 Int+6 Dex+6}
  6966 | D:9      | Reached skill level 7 in Long Blades
  6967 | D:9      | Noticed a two-headed ogre
  7244 | D:9      | Reached skill level 8 in Long Blades
  7244 | D:9      | Reached XP level 11. HP: 59/75 MP: 15/15
  7245 | D:9      | Reached skill level 5 in Air Magic
  7288 | D:9      | Reached skill level 5 in Ice Magic
  7386 | D:9      | Killed a two-headed ogre
  7567 | D:9      | Identified the +1 cloak of Noughts and Crosses {rElec Int+2
                  | Slay+3 Stlth+}
  7976 | D:10     | Entered Level 10 of the Dungeon
  8014 | D:10     | Found a staircase to the Orcish Mines.
  8234 | D:10     | Reached skill level 9 in Long Blades
  8978 | D:11     | Noticed a green ugly thing
  9010 | D:11     | Noticed a boulder beetle
  9010 | D:11     | Noticed a boulder beetle
  9010 | D:11     | Noticed a two-headed ogre
  9027 | Orc:1    | Entered Level 1 of the Orcish Mines
  9027 | Orc:1    | Noticed an orc sorcerer
  9028 | Orc:1    | Paralysed by an orc sorcerer for 3 turns
  9031 | Orc:1    | Killed an orc sorcerer
  9309 | Orc:1    | Noticed an orc knight
  9436 | D:11     | Killed a boulder beetle
  9444 | D:11     | Noticed a cyclops
  9690 | D:11     | Killed a two-headed ogre
  9691 | D:11     | Reached skill level 10 in Long Blades
  9691 | D:11     | Reached XP level 12. HP: 68/84 MP: 16/16
 10794 | D:11     | Found a staircase to the Lair.
 11035 | D:11     | Killed a boulder beetle
 11527 | Lair:1   | Entered Level 1 of the Lair of Beasts
 11551 | Lair:1   | Reached skill level 11 in Long Blades
 11843 | Lair:1   | You are sucked into a shaft and drop 1 floor!
 11870 | Lair:2   | Noticed Harold
 11875 | Lair:2   | Found a frozen archway.
 11878 | Lair:2   | Killed Harold
 11879 | Lair:2   | Reached XP level 13. HP: 45/90 MP: 17/17
 11881 | Lair:2   | Mangled by a death yak simulacrum

Illustrated notes

Levels and vault maps discovered:
D:1:      evilmike_arrival_rings, layout_loops_ring
D:2:      layout_basic, hellmonk_ecumenical_altar_zigzags, basic_altar,
          uniq_natasha
D:3:      layout_basic, small_statue_intersection
D:4:      nicolae_BIG_FREAKIN_CUBE, layout_rooms, minmay_misc_feat_more_columns,
          chequers_jeans
D:5:      old_forge, layout_rooms, minmay_temple_entry_offerings,
          hangedman_abyss_or_decor_stagger
D:6:      layout_cave_pools, serial_shops, shop, serial_column_ruins,
          column_ruins_hut, column_ruins_open_large, column_ruins_grid_2,
          column_ruins_open_small, column_ruins_open_small,
          column_ruins_corridor_plus, column_ruins_corridor_straight
D:7:      nzn_winding_woodlands_three_and_one
          [nzn_winding_woodlands_5x15_longhouse,
          nzn_winding_woodlands_5x15_crooked,
          nzn_winding_woodlands_5x15_default,
          nzn_winding_woodlands_center_diamonds], layout_gridville,
          mainiacjoe_overflow_paths, guppyfry_early_elven_hall
D:8:      layout_basic, grunt_temple_overflow_open
D:9:      layout_basic, kennysheep_opposing_triangles
D:10:     layout_cross, zombieorc2_lemuel
D:11:     minmay_s_stair_smasher, layout_basic, lair_entry_dummy,
          minmay_misc_feat_enclosed, skrybe_limestone_x, st_stairs_6
Lair:1:   layout_chaotic_city, grunt_megastairs_5
Lair:2:   layout_long_grid, spider_nest_entry_web_field,
          portal_ice_cave_entry_ice_simulacra, dreamdust_mushroom_princess,
          uniq_harold
Orc:1:    layout_diamond_mine

Skill      XL: |  1  2  3  4  5  6  7  8  9 10 11 12 |
---------------+-------------------------------------+-----
Fighting       | 1 2 3 4 5 6 7 8 9 |  9.2
Dodging        | 1 2 3 4 5 6 7 8 9 |  9.2
Conjurations   | 4 5 6 7 |  7.6
Fire Magic     | 1 2 3 4 |  4.0
Long Blades    | 4 6 8 10 11 | 11.5
Ice Magic      | 1 3 4 6 |  6.0
Air Magic      | 2 3 4 6 7 |  7.7
Maces & Flails | |  1.0
Spellcasting   | |  3.0
Evocations     | |  3.2

Action                   |  1- 3 |  4- 6 |  7- 9 | 10-12 | 13-15 || total
-------------------------+-------+-------+-------+-------+-------++-------
Melee: Mace              |    63 |   149 |       |       |       ||   212
       Constrict         |    18 |    43 |    38 |    31 |       ||   130
       Tentacles         |    16 |    37 |    41 |    67 |     1 ||   162
       Punch             |     1 |     3 |       |     3 |       ||     7
       Spear             |       |     1 |    89 |       |       ||    90
       Double sword      |       |       |    76 |   302 |     1 ||   379
 Cast: Shock             |       |    11 |     1 |     1 |       ||    13
       Sticky Flame      |       |     1 |     2 |     1 |       ||     4
Evoke: Wand              |       |     1 |     1 |     5 |     1 ||     8
  Use: Potion            |     4 |     2 |     1 |     3 |     1 ||    11
       Scroll            |       |       |    10 |    11 |       ||    21
 Stab: Sleeping          |     2 |     8 |     4 |     4 |       ||    18
       Distracted        |     1 |       |     1 |     5 |       ||     7
Armor: Skin              |    21 |    34 |    23 |    25 |       ||   103
Dodge: Dodged            |    60 |   104 |   105 |   190 |       ||   459
Block: Other             |       |    10 |    30 |    53 |       ||    93
       Reflection        |       |       |     3 |     6 |       ||     9

Table legend: (Time is in decaauts)
 A = Elapsed time spent in this place.
 B = Non-inter-level travel time spent in this place.
 C = Inter-level travel time spent in this place.
 D = Time resting spent in this place.
 E = Time spent auto-exploring this place.
 F = Levels seen in this place.
 G = Mean time per level.
                   A        B        C        D        E       F      G
               +--------+--------+--------+--------+--------+-----+--------+
         Total |  12007 |  11464 |    543 |   1953 |   6614 |  14 |  857.6 |
       Dungeon |  11323 |  10801 |    522 |   1768 |   6393 |  11 | 1029.4 |
          Lair |    356 |    341 |     15 |     63 |    157 |   2 |  178.0 |
  Orcish Mines |    327 |    321 |      6 |    122 |     64 |   1 |  327.0 |
               +--------+--------+--------+--------+--------+-----+--------+

Top non-repeatable levels by time:
    D:11: 1910 daAuts
    D:10: 1314 daAuts
     D:7: 1293 daAuts
     D:8: 1092 daAuts
     D:6: 937 daAuts
     D:5: 882 daAuts
     D:2: 838 daAuts
     D:9: 816 daAuts
     D:4: 809 daAuts
     D:1: 767 daAuts
     D:3: 660 daAuts
   Orc:1: 327 daAuts
  Lair:1: 318 daAuts
  Lair:2: 37 daAuts
